 Dungeon Crawl Stone Soup version 0.23.2-40-g277498a001 (webtiles) character file.

Game seed: 12111073299434587018

838 FishyPogo the Skirmisher (level 7, -10/39 HPs)
             Began as a Vine Stalker Fighter on Oct 6, 2019.
             Was a Priest of Trog.
             Mangled by an ogre
             ... wielding a +0 giant spiked club
              (22 damage)
             ... on level 5 of the Dungeon.
             The game lasted 00:09:27 (3029 turns).

FishyPogo the Skirmisher (Vine Stalker Fighter)     Turns: 3029, Time: 00:09:28

Health: -10/39     AC:  6    Str: 20    XL:     7   Next: 99%
Magic:  0/9        EV:  7    Int:  8    God:    Trog [***...]
Gold:   250        SH: 10    Dex: 14    Spells: 6/6 levels left

rFire    + . .     SeeInvis .   a - +2 dagger (speed)
rCold    + . .     Gourm    .   c - +0 shield
rNeg     + . .     Faith    .   b - +0 scale mail
rPois    .         Spirit   +   (no helmet)
rElec    .         Reflect  .   y - scarf {rC+ rF+}
rCorr    .         Harm     .   (no gloves)
MR       .....                  (no boots)
Stlth    ..........             H - amulet of inaccuracy (curse)
HPRegen  0.53/turn              g - ring of positive energy
MPRegen  0.11/turn              (no ring)

@: berserk cooldown
A: fangs 2, regeneration 1, magic shield, antimagic bite, no potion heal 3, rot
immunity
a: Berserk, Trog's Hand, Renounce Religion


You were on level 5 of the Dungeon.
You worshipped Trog.
Trog was most pleased with you.
You were not hungry.

You visited 1 branch of the dungeon, and saw 5 of its levels.

You collected 250 gold pieces.

Inventory:

Hand Weapons
 a - a +2 dagger of speed (weapon)
Missiles
 h - 231 stones (quivered)
 J - 2 tomahawks
Armour
 b - a +0 scale mail (worn)
 c - a +0 shield (worn)
 p - a +1 cloak
 y - a scarf of resistance (worn)
Jewellery
 g - a ring of positive energy (left hand)
 j - an uncursed ring of magical power
 q - an uncursed ring of ice
 s - an uncursed ring of flight
 H - a cursed amulet of inaccuracy (around neck)
Wands
 r - a wand of acid (6)
 x - a wand of scattershot (3)
 z - a wand of disintegration (7)
 I - a wand of paralysis (8)
Scrolls
 e - a scroll of enchant weapon {unknown}
 i - 2 scrolls of remove curse
 l - a scroll of blinking {unknown}
 m - 2 scrolls of fog {unknown}
 u - 2 scrolls of identify {unknown}
 v - 2 scrolls of random uselessness {unknown}
 B - 2 scrolls of enchant armour {unknown}
 C - a scroll of immolation {unknown}
 E - 2 scrolls of magic mapping {unknown}
 F - a scroll of teleportation {unknown}
Potions
 d - 2 potions of might
 k - a potion of resistance {unknown}
 n - a potion of brilliance {unknown}
 o - 4 potions of curing {unknown}
 t - a potion of mutation {unknown}
 w - a potion of haste {unknown}
 A - a potion of berserk rage {unknown}
 G - a potion of magic {unknown}
Comestibles
 f - 10 rations
 D - 11 chunks of flesh


   Skills:
 * Level 5.0 Fighting
 + Level 2.4(2.8) Short Blades
   Level 2.1(2.6) Long Blades
 + Level 3.6 Armour
 * Level 5.0 Shields
 * Level 2.5 Evocations


You had 6 spell levels left.
You didn't know any spells.
Your spell library was empty.

Dungeon Overview and Level Annotations

Branches:
Dungeon (5/15)
 Temple: D:4-7

Altars:
Ashenzari
Dithmenos
Elyvilon
Ru
Trog


Innate Abilities, Weirdness & Mutations

You have extremely sharp teeth.
Your natural rate of healing is unusually fast.
When hurt, damage is shared between your health and your magic reserves.
Your bite disrupts and absorbs the magic of your enemies.
Potions cannot restore your health.
You are immune to rotting.


Message History

The ogre is heavily wounded.
The ogre hits you but does no damage.
You closely miss the ogre. You bite the ogre. You drain its power.
You feel invigorated.
The ogre is severely wounded.
Your shield and scale mail prevent you from hitting the ogre.
The ogre is severely wounded.
You block the ogre's attack.
You closely miss the ogre. Your bite misses the ogre.
The ogre is severely wounded.
You feel yourself speed up.
The ogre hits you with a +0 giant spiked club!
* * * LOW HITPOINT WARNING * * *
You hit the ogre but do no damage. Your bite misses the ogre.
The ogre is severely wounded.
You hit the ogre.
The ogre is almost dead.
The ogre hits you with a +0 giant spiked club!!
Ouch! That really hurt!
You die...

### #...# #... #...#######
.#....###.........## ###
....(..............# #..
......###..........# #..
..... #..........# #######
#### #..........# #.....#
####O......# ###.###.#
#######รท@.....# #...# #.#
####....)#.......###.#####.#
.......)..................=.
...#...)[#####.......#####.#
..#.....####.......######.#
............................
..)#.....####.......######.#
.. #.....# #.......# #.. .
#.....# #.......# ####


You could see an ogre.

Vanquished Creatures
  A phantom (D:4)
  A centaur (D:5)
  A howler monkey (D:5)
  A crimson imp (D:5)
  A hound (D:4)
  A jelly (D:5)
  2 orc priests
  2 centaur skeletons
  5 orc wizards
  2 iguanas
  Ijyb (D:3)
  A howler monkey zombie (D:5)
  7 adders
  An adder skeleton (D:4)
  A worm (D:4)
  3 dart slugs
  4 leopard geckos
  20 orcs
  8 bats
  6 giant cockroaches
  A goblin (D:3)
  5 hobgoblins
  3 jackals (D:3)
  3 ball pythons
  2 frilled lizards (D:3)
  11 kobolds
  A quokka skeleton (D:4)
  8 rats
103 creatures vanquished.

Notes
Turn   | Place    | Note
-------+----------+-------------------------------------------
     0 | D:1      | FishyPogo the Vine Stalker Fighter began the quest for the
                  | Orb.
     0 | D:1      | Reached XP level 1. HP: 11/11 MP: 2/2
   122 | D:1      | Reached XP level 2. HP: 16/16 MP: 3/3
   301 | D:1      | Reached XP level 3. HP: 8/20 MP: 4/4
   622 | D:2      | Found a shadowy altar of Dithmenos.
   844 | D:2      | Found a white marble altar of Elyvilon.
   898 | D:2      | Found a faded altar of an unknown god.
   906 | D:2      | Became a worshipper of Trog the Wrathful
   906 | D:2      | Reached * piety under Trog
  1443 | D:3      | Gained mutation: Your natural rate of healing is unusually
                  | fast. [Vine Stalker growth]
  1443 | D:3      | Reached XP level 4. HP: 24/24 MP: 5/5
  1510 | D:3      | Found a sacrificial altar of Ru.
  1700 | D:3      | Noticed Ijyb
  1719 | D:3      | Killed Ijyb
  1719 | D:3      | Reached XP level 5. HP: 28/28 MP: 6/6
  1760 | D:3      | Reached skill level 1 in Short Blades
  1781 | D:3      | Reached ** piety under Trog
  2138 | D:4      | Reached XP level 6. HP: 13/33 MP: 5/7
  2324 | D:4      | Noticed a phantom
  2398 | D:4      | Killed a phantom
  2398 | D:4      | Reached skill level 1 in Evocations
  2466 | D:4      | Reached XP level 7. HP: 21/38 MP: 6/9
  2677 | D:5      | Entered Level 5 of the Dungeon
  2737 | D:5      | Found a shattered altar of Ashenzari.
  2949 | D:5      | Reached *** piety under Trog
  2977 | D:5      | Reached skill level 5 in Fighting
  2986 | D:5      | Reached skill level 5 in Shields
  3029 | D:5      | Mangled by an ogre

Skill      XL: |  1  2  3  4  5  6  7 |
---------------+----------------------+-----
Long Blades    | 2 |  2.1
Fighting       | 3 4 5 |  5.0
Shields        | 3 4 5 |  5.0
Short Blades   | 1 2 |  2.4
Armour         | 3 |  3.6
Evocations     | 1 2 |  2.5

Action                   |  1- 3 |  4- 6 |  7- 9 || total
-------------------------+-------+-------+-------++-------
Melee: Long sword        |    80 |       |       ||    80
       Bite              |    31 |    61 |    32 ||   124
       Dagger            |    36 |   192 |   121 ||   349
Throw: Stone             |     7 |     2 |       ||     9
Invok: Berserk           |       |     4 |     3 ||     7
       Trog's Hand       |       |     1 |       ||     1
  Use: Scroll            |       |       |     1 ||     1
  Eat: Chunk             |     1 |     7 |     6 ||    14
Armor: Scale mail        |    45 |    62 |    32 ||   139
Dodge: Dodged            |    34 |    43 |    16 ||    93
Block: Shield            |    69 |    70 |    43 ||   182
       Rpst.: Long sword |     8 |       |       ||     8
